cohdb
Replays
Latest Replays
All Replays
Popular Replays
Top Player Replays
Match Explorer
How It Works
Community
CoH3 Stats
Reddit
Sign in to upload your games and track your stats! →
Sign in with Steam
Match 42748261
Unlisted
Match 42748261
Overview
Messages
Build Orders
End
Kradschützen Motorcycle Team
Panzergrenadier Squad
Panzergrenadier Squad
Construct Light Support Kompanie
MG34 Team
Fire Support Elements
2.5-tonne Medical Truck
Veteran Squad Leaders
Flakvierling Half-track
Construct Panzerarmee Kommand
Vehicle Survival Package
Panzergrenadier Squad
Selects Panzerjäger Kommand Battlegroup
Selects Mine Fields
Selects Defensive Positions
Selects Butterfly Bomb Drop
Butterfly Bomb Drop
Armored Reserves
Emergency Repair Kits
Selects GrB 39 Grenade Launcher Requisition
Butterfly Bomb Drop
Tiger Heavy Tank
Advanced Field Repairs
Butterfly Bomb Drop
Rapid Advance
Selects Crew Shock Tactics
Butterfly Bomb Drop
Steady
Joraad
SpencDaddy
yubucho
Manhut^^
Lucky pig
9Dragons
Dyson vacuum's
0
0
Comments
sign in to comment!
No comments posted yet!